APP
DETROIT (APP) TIGERS @ BOSTON (APP) RED SOX
09/16/2045
 
TOP OF THE 1ST
Detroit (APP) Tigers batting - Pitching for Boston (APP) Red Sox : LHP Eddie Contreras
Pitching: LHP Eddie Contreras
Batting: RHB Billy Verdusco 0-0: SINGLE (Line Drive, 7S, EV 102.5 MPH)
Batting: RHB Brandon O'Malley 0-0: Called Strike
0-1: Ball
1-1: Fly out, F9 (Flyball, 89D, EV 100.0 MPH)
Batting: RHB Keith Hoffman 0-0: Called Strike
0-1: Ball
1-1: Ball
2-1: Fly out, F9 (Flyball, 9S, EV 85.6 MPH)
Batting: LHB George Moran 0-0: Ball
1-0: Ball
2-0: Ball
Wild Pitch!
Billy Verdusco to second
3-0: Base on Balls
Batting: RHB Jon Goldstein 0-0: Swinging Strike
0-1: Foul Ball, location: 2F
0-2: Strikes out swinging
Top of the 1st over - 0 runs, 1 hit, 0 errors, 2 left on base; Detroit (APP) 0 - Boston (APP) 0
BOTTOM OF THE 1ST
Boston (APP) Red Sox batting - Pitching for Detroit (APP) Tigers : RHP Andy Strange
Pitching: RHP Andy Strange
Batting: LHB John Buff 0-0: Bunt missed!
0-1: Called Strike
0-2: Ground out 4-3 (Groundball, 34D, EV 83.1 MPH)
Batting: RHB Jim Hubbard 0-0: Called Strike
0-1: Foul Ball, location: 2F
0-2: Ball
1-2: Ball
2-2: Ball
3-2: Strikes out swinging
Batting: RHB Sal Rivera 0-0: Ball
1-0: Called Strike
1-1: Ball
2-1: Swinging Strike
2-2: Strikes out looking
Bottom of the 1st over - 0 runs, 0 hits, 0 errors, 0 left on base; Detroit (APP) 0 - Boston (APP) 0
TOP OF THE 2ND
Detroit (APP) Tigers batting - Pitching for Boston (APP) Red Sox : LHP Eddie Contreras
Batting: RHB Adam MacConnell 0-0: Ball
1-0: Called Strike
1-1: Ball
2-1: Foul Ball, location: 2F
2-2: Ball
3-2: SINGLE (Groundball, 4D, EV 101.9 MPH)
Batting: LHB Jon Pedlar 0-0: Ball
1-0: Called Strike
Adam MacConnell is caught stealing 2nd base 2-6
1-1: Swinging Strike
1-2: Foul Ball, location: 2F
1-2: Strikes out swinging
Batting: RHB Dusty Newman 0-0: Called Strike
0-1: Ground out 4-3 (Groundball, 4MS, EV 87.5 MPH)
Top of the 2nd over - 0 runs, 1 hit, 0 errors, 0 left on base; Detroit (APP) 0 - Boston (APP) 0
BOTTOM OF THE 2ND
Boston (APP) Red Sox batting - Pitching for Detroit (APP) Tigers : RHP Andy Strange
Batting: LHB Carlos Guerra 0-0: Ball
1-0: Swinging Strike
1-1: Ball
2-1: Foul Ball, location: 2F
2-2: Foul Ball, location: 2F
2-2: Foul Ball, location: 2F
2-2: Ball
3-2: Ground out U3 (Groundball, 3L, EV 108.8 MPH)
Batting: RHB John Doucette 0-0: Ball
1-0: Ball
2-0: Foul Ball, location: 2F
2-1: Fly out, F9 (Flyball, 9LM, EV 90.6 MPH)
Batting: RHB Travis Campbell 0-0: Ball
1-0: Called Strike
1-1: Called Strike
1-2: Foul Ball, location: 2F
1-2: Ball
2-2: Ball
3-2: SINGLE (Groundball, 5S, EV 73.8 MPH) (infield hit)
Batting: RHB Dominique Paolozzi 0-0: Called Strike
0-1: Foul Ball, location: 2F
0-2: Ball
1-2: Ball
2-2: Ball
3-2: Foul Ball, location: 2F
3-2: Foul Ball, location: 2F
3-2: SINGLE (Groundball, 56S, EV 63.1 MPH) (infield hit)
Travis Campbell to second
Batting: RHB Josh Smith 0-0: Ball
1-0: Ground out 5-3 (Groundball, 56S, EV 61.9 MPH)
Bottom of the 2nd over - 0 runs, 2 hits, 0 errors, 2 left on base; Detroit (APP) 0 - Boston (APP) 0
TOP OF THE 3RD
Detroit (APP) Tigers batting - Pitching for Boston (APP) Red Sox : LHP Eddie Contreras
Batting: RHB Mike Patterson 0-0: Ball
1-0: Swinging Strike
1-1: Ball
2-1: Ball
3-1: Called Strike
3-2: Strikes out swinging
Batting: RHB Billy Verdusco 0-0: Ball
1-0: Called Strike
1-1: Ground out 4-3 (Groundball, 4S, EV 85.6 MPH)
Batting: RHB Brandon O'Malley 0-0: Foul Ball, location: 2F
0-1: Ball
1-1: Foul Ball, location: 2F
1-2: Ball
2-2: Strikes out swinging
Top of the 3rd over - 0 runs, 0 hits, 0 errors, 0 left on base; Detroit (APP) 0 - Boston (APP) 0
BOTTOM OF THE 3RD
Boston (APP) Red Sox batting - Pitching for Detroit (APP) Tigers : RHP Andy Strange
Batting: RHB Rogelio Cervantes 0-0: Ground out 5-3 (Groundball, 5, EV 90.6 MPH)
Batting: LHB John Buff 0-0: Ball
1-0: Ball
2-0: Ball
3-0: Base on Balls
Batting: RHB Jim Hubbard 0-0: Called Strike
John Buff steals 2nd base
0-1: Called Strike
0-2: Strikes out looking
Batting: RHB Sal Rivera 0-0: Ball
1-0: Foul Ball, location: 2F
1-1: Called Strike
1-2: Ball
2-2: Ball
3-2: Foul Ball, location: 2F
3-2: Fly out, F4 (Line Drive, 4, EV 70.0 MPH)
Bottom of the 3rd over - 0 runs, 0 hits, 0 errors, 1 left on base; Detroit (APP) 0 - Boston (APP) 0
TOP OF THE 4TH
Detroit (APP) Tigers batting - Pitching for Boston (APP) Red Sox : LHP Eddie Contreras
Batting: RHB Keith Hoffman 0-0: Called Strike
0-1: Ball
1-1: Ball
2-1: Ball
3-1: Swinging Strike
3-2: Base on Balls
Batting: LHB George Moran 0-0: Called Strike
0-1: Grounds into double play, U6-3 (Groundball, 4M, EV 87.5 MPH)
Batting: RHB Jon Goldstein 0-0: Called Strike
0-1: Ball
1-1: Fly out, F7 (Flyball, 7, EV 87.5 MPH)
Top of the 4th over - 0 runs, 0 hits, 0 errors, 0 left on base; Detroit (APP) 0 - Boston (APP) 0
BOTTOM OF THE 4TH
Boston (APP) Red Sox batting - Pitching for Detroit (APP) Tigers : RHP Andy Strange
Batting: LHB Carlos Guerra 0-0: Called Strike
0-1: Called Strike
0-2: Strikes out swinging
Batting: RHB John Doucette 0-0: Foul Ball, location: 2F
0-1: Ball
1-1: Ball
2-1: Foul Ball, location: 2F
2-2: Ball
3-2: Base on Balls
Batting: RHB Travis Campbell 0-0: Ball
1-0: Ball
2-0: Ball
3-0: Called Strike
3-1: Grounds into double play, 6-4-3 (Groundball, 6, EV 100.6 MPH)
Bottom of the 4th over - 0 runs, 0 hits, 0 errors, 0 left on base; Detroit (APP) 0 - Boston (APP) 0
TOP OF THE 5TH
Detroit (APP) Tigers batting - Pitching for Boston (APP) Red Sox : LHP Eddie Contreras
Batting: RHB Adam MacConnell 0-0: Called Strike
0-1: Ball
1-1: Swinging Strike
1-2: Foul Ball, location: 2F
1-2: Ball
2-2: Fly out, F7 (Flyball, 78D, EV 76.2 MPH)
Batting: LHB Jon Pedlar 0-0: Ball
1-0: Ball
2-0: Ground out U3 (Groundball, 3, EV 88.8 MPH)
Batting: RHB Dusty Newman 0-0: Ball
1-0: Foul Ball, location: 2F
1-1: SOLO HOME RUN (Flyball, 7D, EV 98.8 MPH), Distance : 383 ft
Batting: RHB Mike Patterson 0-0: Called Strike
0-1: Ball
1-1: Ball
2-1: Ball
3-1: Base on Balls
Batting: RHB Billy Verdusco 0-0: Ball
1-0: Foul Ball, location: 2F
1-1: Ball
2-1: Ball
3-1: Ground out U3 (Groundball, 34, EV 76.2 MPH)
Top of the 5th over - 1 run, 1 hit, 0 errors, 1 left on base; Detroit (APP) 1 - Boston (APP) 0
BOTTOM OF THE 5TH
Boston (APP) Red Sox batting - Pitching for Detroit (APP) Tigers : RHP Andy Strange
Batting: RHB Dominique Paolozzi 0-0: Foul Ball, location: 2F
0-1: Called Strike
0-2: Foul Ball, location: 2F
0-2: Strikes out swinging
Batting: RHB Josh Smith 0-0: Ball
1-0: Ball
2-0: Called Strike
2-1: Called Strike
2-2: Ball
3-2: Foul Ball, location: 2F
3-2: Foul Ball, location: 2F
3-2: Strikes out swinging
Batting: RHB Rogelio Cervantes 0-0: Ball
1-0: Foul Ball, location: 2F
1-1: Ball
2-1: Swinging Strike
2-2: Ball
3-2: Foul Ball, location: 2F
3-2: Base on Balls
Batting: LHB John Buff 0-0: Ball
Rogelio Cervantes steals 2nd, throwing error, E2
Rogelio Cervantes to third
1-0: Ball
2-0: Ball
3-0: Base on Balls
Batting: RHB Jim Hubbard 0-0: Ball
1-0: Ball
2-0: Ball
3-0: Base on Balls
John Buff to second
Pitching: RHP Adam Fisher
Batting: RHB Sal Rivera 0-0: Ball
1-0: Called Strike
1-1: Called Strike
1-2: Reached on error, E6 (Groundball, 6, EV 83.1 MPH)
Rogelio Cervantes scores
John Buff to third
Jim Hubbard to second
Batting: LHB Carlos Guerra 0-0: Foul Ball, location: 2F
0-1: Called Strike
0-2: Foul Ball, location: 2F
0-2: Hit by Pitch
John Buff scores
Jim Hubbard to third
Sal Rivera to second
Batting: RHB John Doucette 0-0: Ground out 4-3 (Groundball, 4, EV 78.8 MPH)
Bottom of the 5th over - 2 runs, 0 hits, 2 errors, 3 left on base; Detroit (APP) 1 - Boston (APP) 2
TOP OF THE 6TH
Detroit (APP) Tigers batting - Pitching for Boston (APP) Red Sox : LHP Eddie Contreras
Batting: RHB Brandon O'Malley 0-0: Ball
1-0: Ball
2-0: Ball
3-0: Called Strike
3-1: SINGLE (Groundball, 6M, EV 90.6 MPH) (infield hit)
Batting: RHB Keith Hoffman 0-0: Ball
Brandon O'Malley is caught stealing 2nd base 2-4
1-0: Called Strike
1-1: Foul Ball, location: 2F
1-2: Foul Ball, location: 2F
1-2: Ball
2-2: Ball
3-2: SOLO HOME RUN (Flyball, 8RXD, EV 116.9 MPH), Distance : 452 ft
Batting: LHB George Moran 0-0: Ball
1-0: Called Strike
1-1: Ball
2-1: Ball
3-1: Fly out, F7 (Flyball, 7S, EV 83.8 MPH)
Batting: RHB Jon Goldstein 0-0: Ball
1-0: Ball
2-0: Ball
3-0: Base on Balls
Batting: RHB Adam MacConnell 0-0: Ball
Jon Goldstein steals 2nd base
1-0: 2-RUN HOME RUN (Flyball, 7D, EV 98.1 MPH), Distance : 388 ft
Batting: LHB Jon Pedlar 0-0: Ball
1-0: Ball
2-0: Called Strike
2-1: Foul Ball, location: 2F
2-2: Foul Ball, location: 2F
2-2: Foul Ball, location: 2F
2-2: Fly out, F8 (Flyball, 8RD, EV 83.1 MPH)
Top of the 6th over - 3 runs, 3 hits, 0 errors, 0 left on base; Detroit (APP) 4 - Boston (APP) 2
BOTTOM OF THE 6TH
Boston (APP) Red Sox batting - Pitching for Detroit (APP) Tigers : RHP Adam Fisher
Batting: RHB Travis Campbell 0-0: Ball
1-0: Ball
2-0: Ball
3-0: Called Strike
3-1: Base on Balls
Batting: RHB Dominique Paolozzi 0-0: Called Strike
0-1: Grounds into double play, 5-4-3 (Groundball, 56, EV 100.0 MPH)
Batting: RHB Josh Smith 0-0: Ground out 4-3 (Groundball, 4, EV 88.8 MPH)
Bottom of the 6th over - 0 runs, 0 hits, 0 errors, 0 left on base; Detroit (APP) 4 - Boston (APP) 2
TOP OF THE 7TH
Detroit (APP) Tigers batting - Pitching for Boston (APP) Red Sox : LHP Eddie Contreras
Pitching: LHP Chris Deans
Batting: RHB Dusty Newman 0-0: Ball
1-0: Foul Ball, location: 2F
1-1: SOLO HOME RUN (Flyball, 89XD, EV 100.6 MPH), Distance : 405 ft
Batting: RHB Mike Patterson 0-0: Ball
1-0: Foul Ball, location: 2F
1-1: Ball
2-1: Ball
3-1: Swinging Strike
3-2: Foul Ball, location: 2F
3-2: Base on Balls
Batting: RHB Billy Verdusco 0-0: Called Strike
0-1: Sac Bunt to 2L - play at first, batter OUT! 2-3
Mike Patterson to second
Batting: RHB Brandon O'Malley 0-0: Foul Ball, location: 2F
0-1: Ball
1-1: Ball
2-1: Called Strike
2-2: Foul Ball, location: 2F
2-2: Foul Ball, location: 2F
2-2: Strikes out swinging
Batting: RHB Keith Hoffman 0-0: Called Strike
0-1: Called Strike
0-2: Ball
1-2: SINGLE (Line Drive, 34D, EV 100.0 MPH)
Mike Patterson to third
Runner from 3rd tries for Home, SAFE, throw by RF to home
Batting: LHB George Moran 0-0: Ball
1-0: Called Strike
1-1: SINGLE (Line Drive, 7S, EV 90.6 MPH)
Keith Hoffman to second
Batting: RHB Jon Goldstein 0-0: Ball
1-0: Ball
2-0: SINGLE (Line Drive, 4D, EV 96.2 MPH)
Keith Hoffman to third
George Moran to second
Pitching: RHP Aaron Brannon
Batting: RHB Adam MacConnell 0-0: Called Strike
0-1: Foul Ball, location: 2F
0-2: Ground out 3-1 (Groundball, 3L, EV 111.2 MPH)
Top of the 7th over - 2 runs, 4 hits, 0 errors, 3 left on base; Detroit (APP) 6 - Boston (APP) 2
BOTTOM OF THE 7TH
Boston (APP) Red Sox batting - Pitching for Detroit (APP) Tigers : RHP Adam Fisher
Pitching: RHP Alex Amparo
Batting: RHB Rogelio Cervantes 0-0: Ball
1-0: Ball
2-0: Ground out 6-3 (Groundball, 56, EV 103.1 MPH)
Batting: LHB John Buff 0-0: Ball
1-0: Ball
2-0: Foul Ball, location: 2F
2-1: Foul Ball, location: 2F
2-2: Foul Ball, location: 2F
2-2: Ball
3-2: Base on Balls
Batting: RHB Jim Hubbard 0-0: Ball
1-0: Ball
2-0: Called Strike
2-1: Ball
3-1: Base on Balls
John Buff to second
Batting: RHB Sal Rivera 0-0: Ball
1-0: Called Strike
1-1: Ball
2-1: Fly out, F7 (Flyball, 7LS, EV 72.5 MPH)
Batting: LHB Carlos Guerra 0-0: Called Strike
0-1: Ball
1-1: Fielders Choice at 2nd, U6 (Groundball, 6M, EV 98.1 MPH)
Bottom of the 7th over - 0 runs, 0 hits, 0 errors, 2 left on base; Detroit (APP) 6 - Boston (APP) 2
TOP OF THE 8TH
Detroit (APP) Tigers batting - Pitching for Boston (APP) Red Sox : RHP Aaron Brannon
Batting: LHB Jon Pedlar 0-0: Foul Ball, location: 2F
0-1: Swinging Strike
0-2: Ball
1-2: Ball
2-2: Ball
3-2: Foul Ball, location: 2F
3-2: Strikes out swinging
Batting: RHB Dusty Newman 0-0: Foul Ball, location: 2F
0-1: Swinging Strike
0-2: Strikes out swinging
Batting: RHB Mike Patterson 0-0: Foul Ball, location: 2F
0-1: Ball
1-1: Swinging Strike
1-2: Ground out 4-3 (Groundball, 4M, EV 85.6 MPH)
Top of the 8th over - 0 runs, 0 hits, 0 errors, 0 left on base; Detroit (APP) 6 - Boston (APP) 2
BOTTOM OF THE 8TH
Boston (APP) Red Sox batting - Pitching for Detroit (APP) Tigers : RHP Alex Amparo
Pitching: RHP Kyle Moore
Batting: RHB John Doucette 0-0: Called Strike
0-1: Ball
1-1: Ball
2-1: Swinging Strike
2-2: Ball
3-2: Base on Balls
Batting: RHB Travis Campbell 0-0: Called Strike
0-1: Ball
1-1: Swinging Strike
1-2: Ball
2-2: Ball
3-2: Base on Balls
John Doucette to second
Batting: RHB Dominique Paolozzi 0-0: Called Strike
0-1: Foul Ball, location: 2F
0-2: Fly out, F9 (Flyball, 89D, EV 95.0 MPH)
Runner from 2nd tags up, SAFE at 3rd, no throw by RF
Batting: RHB Josh Smith 0-0: Foul Ball, location: 2F
0-1: Foul Ball, location: 2F
0-2: Ball
1-2: Fly out, F7 (Flyball, 7, EV 84.4 MPH)
Batting: RHB Rogelio Cervantes 0-0: Swinging Strike
0-1: Ball
1-1: Called Strike
1-2: Foul Ball, location: 2F
1-2: Ball
2-2: Strikes out swinging
Bottom of the 8th over - 0 runs, 0 hits, 0 errors, 2 left on base; Detroit (APP) 6 - Boston (APP) 2
TOP OF THE 9TH
Detroit (APP) Tigers batting - Pitching for Boston (APP) Red Sox : RHP Aaron Brannon
Pitching: LHP Danny Schneible
Batting: RHB Billy Verdusco 0-0: Called Strike
0-1: Ball
1-1: Ball
2-1: Called Strike
2-2: Fly out, F8 (Flyball, 8LS, EV 92.5 MPH)
Batting: RHB Brandon O'Malley 0-0: Called Strike
0-1: Called Strike
0-2: SINGLE (Groundball, 56D, EV 95.6 MPH)
Batting: RHB Keith Hoffman 0-0: Ball
Brandon O'Malley is caught stealing 2nd base 2-4
1-0: Fly out, F3 (Popup, 3F, EV 72.5 MPH)
Top of the 9th over - 0 runs, 1 hit, 0 errors, 0 left on base; Detroit (APP) 6 - Boston (APP) 2
BOTTOM OF THE 9TH
Boston (APP) Red Sox batting - Pitching for Detroit (APP) Tigers : RHP Kyle Moore
Batting: LHB John Buff 0-0: Ball
1-0: Ball
2-0: Ball
3-0: Called Strike
3-1: Foul Ball, location: 2F
3-2: Base on Balls
Batting: RHB Jim Hubbard 0-0: Called Strike
0-1: Fielders Choice at 2nd, 4-6 (Groundball, 4, EV 84.4 MPH)
Batting: RHB Sal Rivera 0-0: Foul Ball, location: 2F
0-1: Ball
1-1: Called Strike
1-2: Ball
2-2: Ball
3-2: Foul Ball, location: 2F
3-2: Foul Ball, location: 2F
3-2: Base on Balls
Jim Hubbard to second
Batting: LHB Carlos Guerra 0-0: Called Strike
0-1: Ball
1-1: Ball
2-1: Ball
3-1: Base on Balls
Jim Hubbard to third
Sal Rivera to second
Pitching: RHP Bert Hernandez
Pinch Hitting: LHB Mike Hutcheson 0-0: Grounds into double play, U6-3 (Groundball, 4M, EV 88.1 MPH)
Bottom of the 9th over - 0 runs, 0 hits, 0 errors, 2 left on base; Detroit (APP) 6 - Boston (APP) 2
Wednesday, June 22nd , 2022 - OOTP Baseball 23.4 Build 64